 Dungeon Crawl Stone Soup version 0.31-a0-848-gaac375c287 (webtiles) character file.

Game seed: 10833161482721976471

4 Joey1 the Chopper (level 1, -3/20 HPs)
             Began as a Minotaur Berserker on Oct 5, 2023.
             Was a Follower of Trog.
             Slain by a kobold
             ... wielding a +0 whip
              (4 damage)
             ... on level 1 of the Dungeon.
             The game lasted 00:00:25 (63 turns).

Joey1 the Chopper (Minotaur Berserker)                Turns: 63, Time: 00:00:26

Health: -3/20      AC:  2    Str: 21    XL:     1   Next: 50%
Magic:  0/0        EV: 12    Int:  4    God:    Trog [*.....]
Gold:   12         SH:  0    Dex:  9    Spells: 0/0 levels left

rFire   . . .        a - +0 hand axe
rCold   . . .        (no shield)
rNeg    . . .        b - +0 animal skin
rPois   .            (helmet restricted)
rElec   .            (no cloak)
rCorr   .            (no gloves)
SInv    .            (no boots)
Will    .....        (no amulet)
Stlth   +            (no ring)
HPRegen 0.23/turn    (no ring)
MPRegen 0.07/turn

%: no passive effects
@: no status effects
A: horns 2, retaliatory headbutt
a: Renounce Religion, Berserk


You were on level 1 of the Dungeon.
You worshipped Trog.
Trog was aware of your devotion.
You visited 1 branch of the dungeon, and saw 1 of its levels.

You collected 12 gold pieces.

Inventory:

Hand Weapons
 a - a +0 hand axe (weapon)
Armour
 b - a +0 animal skin (worn)
Scrolls
 c - a scroll of revelation {unknown}
 d - a scroll of identify {unknown}


   Skills:
 + Level 3.7 Fighting
 * Level 3.8 Axes
 + Level 2.5 Armour
 - Level 2.1 Dodging


You couldn't memorise any spells.
You didn't know any spells.
Your spell library was empty.

Dungeon Overview and Level Annotations

Branches:
Dungeon (1/15)

Altars:


Innate Abilities, Weirdness & Mutations

You have a pair of horns on your head.
You reflexively headbutt those who attack you in melee.


Message History

You kill the bat!
Trog accepts your kill.
You closely miss the frilled lizard. The frilled lizard barely misses you.
You furiously retaliate!
You headbutt the frilled lizard!
You kill the frilled lizard!
Trog accepts your kill.
Found a mace.
The giant cockroach closely misses you. The giant cockroach bites you.
You see here a frilled lizard corpse.
You barely miss the giant cockroach. The giant cockroach barely misses you.
You furiously retaliate!
You headbutt the giant cockroach!
You kill the giant cockroach!
Trog accepts your kill.
No target in view!
HP restored.
A kobold comes into view. It is wielding a +0 whip.
The kobold shouts!
Found a book of Conjurations and a thin glowing staff.
Found 4 gold pieces.
An endoplasm comes into view.
The kobold hits you with a +0 whip.
You closely miss the kobold. The kobold hits you with a +0 whip.
You barely miss the kobold. The kobold hits you with a +0 whip.
You are too injured to fight recklessly!
You are too injured to fight recklessly!
You closely miss the kobold. The kobold misses you. You furiously retaliate!
You headbutt the kobold. You hit the kobold but do no damage.
Your headbutt misses the kobold.
The kobold is severely wounded.
The kobold hits you but does no damage.
You closely miss the kobold. Your headbutt misses the kobold.
The kobold is severely wounded.
The kobold hits you with a +0 whip.
* * * LOW HITPOINT WARNING * * *
The kobold hits you with a +0 whip.
* * * LOW HITPOINT WARNING * * *
You closely miss the kobold.
The kobold is severely wounded.
The kobold hits you with a +0 whip.
You die...

####.####..###
#...#.....##
#>..##.####
#...#.## ##†#.##
#.### #.# #####
###.####.:...#
#.....@K.....#
.....##..##....$.
#.##.#|.... ....#
# #...)#.......#
.....##....#.##
####. J#....# ##
...... .. ..#


You could see a kobold.

Vanquished Creatures
  A giant cockroach (D:1)
  A hobgoblin (D:1)
  A bat (D:1)
  A frilled lizard (D:1)
4 creatures vanquished.

Notes
Turn   | Place    | Note
-------+----------+-------------------------------------------
     0 | D:1      | Joey1 the Minotaur Berserker began the quest for the Orb.
     0 | D:1      | Reached XP level 1. HP: 19/19 MP: 0/0
    62 | D:1      | HP: 1/20 [kobold/+0 whip (5)]
    63 | D:1      | Slain by a kobold

Illustrated notes

Levels and vault maps discovered:
D:1:      kennysheep_arrival_seaside, layout_loops_cross, minmay_tromino_v2

Action                     || total
---------------------------++-------
  Melee: Hand axe          ||    10
 Armour: Animal skin       ||    10
  Dodge: Dodged            ||     7

Table legend: (Time is in decaauts)
 A = Elapsed time spent in this place.
 B = Non-inter-level travel time spent in this place.
 C = Inter-level travel time spent in this place.
 D = Time resting spent in this place.
 E = Time spent auto-exploring this place.
 F = Levels seen in this place.
 G = Mean time per level.
                   A        B        C        D        E       F      G
               +--------+--------+--------+--------+--------+-----+--------+
         Total |     64 |     64 |      0 |      0 |     45 |   1 |   64.0 |
       Dungeon |     64 |     64 |      0 |      0 |     45 |   1 |   64.0 |
               +--------+--------+--------+--------+--------+-----+--------+

Top non-repeatable levels by time:
     D:1: 64 daAuts
